 Dungeon Crawl Stone Soup version 0.27-a0-249-g74f53ef629 (webtiles) character file.

Game seed: 16891678941528199980

95 Borgoz the Slasher (level 4, 0/38 HPs)
             Began as a Ghoul Gladiator on Feb 3, 2021.
             Slain by an orc wizard
             ... wielding a +0 dagger
              (3 damage)
             ... on level 3 of the Dungeon.
             The game lasted 00:01:49 (2314 turns).

Borgoz the Slasher (Ghoul Gladiator)                Turns: 2314, Time: 00:01:49

Health: 0/38       AC:  4    Str: 17    XL:     4   Next: 66%
Magic:  3/3        EV: 12    Int:  3    God:
Gold:   114        SH:  0    Dex: 11    Spells: 3/3 levels left

rFire    . . .     SeeInvis .   a - +1 long sword
rCold    + + .     Faith    .   (no shield)
rNeg     + + +     Spirit   .   b - +0 leather armour
rPois    ∞         Reflect  .   c - +0 helmet
rElec    .         Harm     .   (no cloak)
rCorr    .         Rampage  .   (no gloves)
Will     .....                  (no boots)
Stlth    +.........             (no amulet)
HPRegen  0.00/turn              e - ring of protection from cold
MPRegen  0.08/turn              (no ring)

@: brilliant, attractive
A: claws 1, cold resistance 1, negative energy resistance 3, inhibited
regeneration, torment resistance, unbreathing
a: no special abilities


You were on level 3 of the Dungeon.
You visited 1 branch of the dungeon, and saw 3 of its levels.

You collected 114 gold pieces.

Inventory:

Hand Weapons
 a - a +1 long sword (weapon)
Missiles
 d - 2 throwing nets (quivered)
Armour
 b - a +0 leather armour (worn)
 c - a +0 helmet (worn)
Jewellery
 e - a ring of protection from cold (left claw)
 k - an uncursed ring of fire
Wands
 l - a wand of iceblast (7)
Scrolls
 m - a scroll of remove curse
Potions
 f - a potion of haste {unknown}
 h - a potion of flight {unknown}
 i - a potion of attraction
 j - a potion of curing {unknown}


   Skills:
 + Level 3.0 Fighting
 * Level 3.5 Long Blades
 - Level 1.7 Throwing
 * Level 1.8 Armour
 + Level 3.1 Dodging


You had 3 spell levels left.
You didn't know any spells.
Your spell library was empty.

Dungeon Overview and Level Annotations

Branches:
Dungeon (3/15)

Altars:


Innate Abilities, Weirdness & Mutations

You thrive by killing the living.
You are immune to poison.
You have sharp fingernails.
Your flesh is cold resistant. (rC+)
You are immune to negative energy. (rN+++)
You do not regenerate when monsters are visible.
You are immune to unholy pain and torment.
You can survive without breathing.


Message History

Beogh smites you!
* * * LOW HITPOINT WARNING * * *
You barely miss the orc wizard.
The orc wizard hits you with a +0 dagger.
* * * LOW HITPOINT WARNING * * *
It was a potion of attraction.
You feel attractive to monsters. The orc wizard closely misses you.
The orc is pulled toward you!
It was a potion of brilliance.
You feel clever all of a sudden.
The orc wizard hits you but does no damage.
Throw: 3 throwing nets
Press: ? - help, Q - select action, (/) - cycle Shift-Dir - straight line, f - orc wizard
Aim: an orc wizard, wielding a +0 dagger and wearing a +0 robe (47% to hit)
You throw a throwing net.
The throwing net barely misses the orc wizard.
The throwing net barely misses the worm.
The throwing net closely misses the orc.
The orc wizard hits you with a +0 dagger.
You die...

#.†.....# #.#.# ##.....##
#.#.# #....## #.# #.#.##
#.# #.#.# #.# #.#.# #.#
#.#.# # #.# #.#
#####.###o### #.#
.......@owo(#
#.################o#
#.........##..............
#########.##.#####ow..<...
#.##.# #.?...... #.##.#
.o.#.(.#. #.##.## .......#
#.#...## ...# .#..
#..###[###### ....


You could see a worm, an orc priest, an orc wizard and 2 orcs.

Vanquished Creatures
  A worker ant (D:2)
  An adder (D:2)
  A dart slug (D:1)
  2 leopard geckos (D:2)
  4 orcs (D:3)
  3 giant cockroaches
  4 goblins
  11 hobgoblins
  A quokka (D:2)
  2 ball pythons (D:2)
  7 bats
  5 frilled lizards
  4 kobolds
  9 rats
55 creatures vanquished.

Notes
Turn   | Place    | Note
-------+----------+-------------------------------------------
     0 | D:1      | Borgoz the Ghoul Gladiator began the quest for the Orb.
     0 | D:1      | Reached XP level 1. HP: 17/17 MP: 0/0
   236 | D:1      | Reached XP level 2. HP: 19/25 MP: 1/1
   693 | D:1      | Reached skill level 1 in Armour
   738 | D:1      | Reached XP level 3. HP: 30/30 MP: 2/2
  1221 | D:2      | Reached XP level 4. HP: 19/37 MP: 3/3
  2314 | D:3      | Slain by an orc wizard

Illustrated notes

Levels and vault maps discovered:
D:1:      dpeg_arrival_line_fractal, layout_loops_ring
D:2:      layout_basic
D:3:      layout_loops_ring

Skill      XL: |  1  2  3  4 |
---------------+-------------+-----
Long Blades    | 3 |  3.5
Armour         | 1 |  1.8
Dodging        | 3 |  3.1
Fighting       | 3 |  3.0
Throwing       | |  1.7

Action                   |  1- 3 |  4- 6 || total
-------------------------+-------+-------++-------
Melee: Long sword        |    70 |    77 ||   147
Throw: Throwing net      |       |     1 ||     1
  Use: Scroll            |     1 |     1 ||     2
       Potion            |       |     2 ||     2
Armor: Leather armour    |    20 |    23 ||    43
Dodge: Dodged            |    58 |    63 ||   121
       Rpst.: Long sword |    18 |    21 ||    39

Table legend: (Time is in decaauts)
 A = Elapsed time spent in this place.
 B = Non-inter-level travel time spent in this place.
 C = Inter-level travel time spent in this place.
 D = Time resting spent in this place.
 E = Time spent auto-exploring this place.
 F = Levels seen in this place.
 G = Mean time per level.
                   A        B        C        D        E       F      G
               +--------+--------+--------+--------+--------+-----+--------+
         Total |   2347 |   2283 |     64 |    239 |   1674 |   3 |  782.3 |
       Dungeon |   2347 |   2283 |     64 |    239 |   1674 |   3 |  782.3 |
               +--------+--------+--------+--------+--------+-----+--------+

Top non-repeatable levels by time:
     D:2: 1054 daAuts
     D:1: 1038 daAuts
     D:3: 254 daAuts
